 Dungeon Crawl Stone Soup version 0.29.1-2-gbd0b4ee654 (webtiles) character file.

Game seed: 11655722415657510009

614035 DildoBatman the Metallomancer (level 27, -2/190 HPs)
             Began as a Formicid Conjurer on Nov 14, 2022.
             Was an Initiate of Gozag.
             Killed by dispel undead
             ... invoked by an ushabti
              (30 damage)
             ... on level 3 of the Tomb of the Ancients.
             The game lasted 04:35:07 (58224 turns).

DildoBatman the Metallomancer (Formicid Conjurer)  Turns: 58224, Time: 04:35:08

Health: -2/190     AC: 36    Str: 14      XL:     27
Magic:  38/42      EV: 24    Int: 12 (20) God:    Gozag
Gold:   3441       SH: 32    Dex: 21 (27) Spells: 7/56 levels left

rFire   + . .      SeeInvis +   F - +12 pair of quick blades "Gyre" and "Gimble" {protect}
rCold   + + +      Faith    .   i - +8 tower shield {rC+ rF+}
rNeg    + + +      Spirit   .   o - +4 troll leather armour
rPois   ∞          Reflect  .   (helmet unavailable)
rElec   +          Harm     .   M - +2 cloak {rCorr}
rCorr   +          Rampage  .   k - +0 pair of fencer's gloves {Riposte Dex+3}
Will    ++++.                   g - +3 pair of mountain boots {steadfast, rC+}
Stlth   +++.......              m - amulet of magic regeneration
HPRegen 1.21/turn               w - ring of Apsiutel {rC+ Will+ EV+4 Str-2 Stlth+}
MPRegen 0.68/turn               c - ring of Qath {EV+4 Str+2 Dex+2}

@: mighty, brilliant, ice-armoured, lich-form, very slightly contaminated
A: draining attack, torment immunity, no potions, permanent stasis, dig shafts
and tunnels, antennae 3, four strong arms, iridescent scales 1, electricity
resistance, MP-powered wands
}: 3/15 runes: serpentine, barnacled, silver
a: Dig, Shaft Self, End Transformation, Renounce Religion, Potion Petition, Call
Merchant, Bribe Branch


You were on level 3 of the Tomb of the Ancients.
You worshipped Gozag.
Gozag was most pleased with you.
You were an undead lich.
You visited 10 branches of the dungeon, and saw 45 of its levels.
You visited 1 bazaar.
You also visited: Trove, Ice Cave, Volcano, Wizlab and Desolation.

You collected 28919 gold pieces.
You spent 20274 gold pieces at shops.
You paid 5204 gold pieces to Gozag.

Inventory:

Hand Weapons
 a - the +8 autumn katana {vorpal, manifold assault}
   (You found it on level 1 of the Shoals)

   It sometimes launches melee attacks against multiple visible enemies.
 b - the +5 sling "Voheu" {venom, rC+ Will+ MP+9 Str+2}
   (You took it off a vault sentinel on level 4 of the Vaults)

   Any ammunition fired from it poisons the flesh of those it strikes.
   Str:       It affects your strength (+2).
   rC:        It protects you from cold.
   MP:        It affects your magic capacity (+9).
   Will:      It increases your willpower.
 B - the +1 falchion "Jakeh" {vorpal, rF+ Str+3 Dex+3}
   (You found it in the Desolation of Salt)

   It inflicts extra damage upon your enemies.
   Str:       It affects your strength (+3).
   Dex:       It affects your dexterity (+3).
   rF:        It protects you from fire.
 E - the +9 staff of Wucad Mu {*channel}
   (You bought it in a shop on level 4 of the Vaults)

   It occasionally powers its wielder's spells, but with a chance of causing
   confusion or draining the wielder's intelligence.
   It becomes more likely to activate and less likely to backfire with increased
   Evocations skill.
 F - the +12 pair of quick blades "Gyre" and "Gimble" (weapon) {protect}
   (You took it off a yaktaur on level 5 of the Vaults)

   It grants its wielder temporary protection when it strikes (+7 to AC).
Missiles
 l - 11 throwing nets
 p - 11 silver javelins
 L - 30 javelins
Armour
 g - the +3 pair of mountain boots (worn) {steadfast, rC+}
   (You acquired it on level 2 of the Tomb of the Ancients)

   It prevents involuntary movement, except for blinking, teleportation, or
   banishment.
   rC:        It protects you from cold.
 i - a +8 tower shield of resistance (worn)
 k - the +0 pair of fencer's gloves (worn) {Riposte Dex+3}
   (You acquired it on level 2 of the Tomb of the Ancients)

   It allows the wearer to riposte with melee weapons, swiftly retaliating
   against missed or blocked melee attacks.
   Dex:       It affects your dexterity (+3).
 o - a +4 troll leather armour (worn)
 M - a +2 cloak of preservation (worn)
Magical Staves
 D - a staff of death
 W - a staff of air
Jewellery
 c - the ring of Qath (right hand) {EV+4 Str+2 Dex+2}
   (You found it in the Desolation of Salt)

   [ring of evasion]

   EV:        It affects your evasion (+4).
   Str:       It affects your strength (+2).
   Dex:       It affects your dexterity (+2).
 m - an amulet of magic regeneration (around neck)
 r - a +6 ring of intelligence
 w - the ring of Apsiutel (left hand) {rC+ Will+ EV+4 Str-2 Stlth+}
   (You bought it in a shop on level 1 of the Dungeon)

   [ring of evasion]

   EV:        It affects your evasion (+4).
   Str:       It affects your strength (-2).
   rC:        It protects you from cold.
   Will:      It increases your willpower.
   Stlth:     It makes you more stealthy.
 A - the ring of Xom's Passing Interest {Wiz rF+ SInv Stlth+}
   (You found it on level 1 of the Shoals)

   [ring of wizardry]

   It improves your spell success rate.
   rF:        It protects you from fire.
   SInv:      It lets you see invisible.
   Stlth:     It makes you more stealthy.
Wands
 H - a wand of light (35)
 I - a wand of roots (46) (quivered)
Scrolls
 e - 10 scrolls of summoning
 f - 15 scrolls of butterflies
 z - 32 scrolls of identify
 C - 12 scrolls of magic mapping
 G - 6 scrolls of torment
 Q - 12 scrolls of immolation
 T - 5 scrolls of fear
 X - 5 scrolls of poison
Potions
 d - 6 potions of mutation
 h - 8 potions of invisibility
 j - 14 potions of brilliance
 n - 13 potions of heal wounds
 q - 7 potions of might
 t - 46 potions of curing
 u - 9 potions of magic
 v - 14 potions of resistance
 J - 4 potions of ambrosia
 N - 7 potions of cancellation
Miscellaneous
 s - a condenser vane (inert)
 K - a box of beasts
 S - a phantom mirror (inert)
 U - a lightning rod (4/4)


   Skills:
 - Level 10.0 Fighting
 - Level 10.0 Armour
 - Level 7.0 Dodging
 - Level 2.4 Stealth
 - Level 21.4 Shields
 - Level 15.0 Spellcasting
 - Level 6.0 Conjurations
 - Level 22.0 Necromancy
 - Level 22.0 Transmutations
 - Level 6.0 Fire Magic
 - Level 22.3 Ice Magic
 * Level 22.7 Earth Magic


You had 7 spell levels left.
You knew the following spells:

 Your Spells              Type           Power      Damage    Failure   Level
a - Borgnjor's Vile Clut  Necr/Erth      48%        N/A       1%          5
b - Shatter               Erth           38%        3d30*     77%         9
c - Polar Vortex          Ice            38%        N/A       82%         9
d - Necromutation         Tmut/Necr      47%        N/A       11%         8
e - Iron Shot             Conj/Erth      30%        9d6       6%          6
f - Stone Arrow           Conj/Erth      100%       3d13      1%          3
g - Ozocubu's Armour      Ice            76%        N/A       0%          3
h - Dispel Undead         Necr           95%        3d30      0%          4
z - Sublimation of Blood  Necr           95%        N/A       0%          2

Your spell library contained the following spells:

 Spells                   Type           Power      Damage    Failure   Level
 Beastly Appendage        Tmut           100%       N/A       0%          1
 Freeze                   Ice            100%       1d11      0%          1
 Necrotise                Necr           100%       1d9       0%          1
 Sandblast                Erth           100%       2d20      0%          1
 Passwall                 Tmut/Erth      63%        N/A       0%          2
 Wereblood                Tmut           75%        N/A       0%          2
 Frozen Ramparts          Ice            100%       1d16      0%          3
 Vampiric Draining        Necr           95%        2d12      0%          3
 Ice Form                 Ice/Tmut       75%        N/A       0%          4
 Foxfire                  Conj/Fire      100%       2x1d9     1%          1
 Magic Dart               Conj           100%       1d8       1%          1
 Sting                    Tmut/Pois      100%       1d8       1%          1
 Ensorcelled Hibernation  Hex/Ice        100%       N/A       1%          2
 Searing Ray              Conj           70%        2d7       1%          2
 Ignite Poison            Fire/Tmut/Pois 47%        N/A       1%          3
 Anguish                  Hex/Necr       34%        N/A       1%          4
 Hailstorm                Conj/Ice       59%        3d13      1%          4
 Leda's Liquefaction      Hex/Erth       26%        N/A       1%          4
 Summon Ice Beast         Ice/Summ       52%        N/A       1%          4
 Agony                    Necr           95%        N/A       1%          5
 Blade Hands              Tmut           37%        N/A       1%          5
 Irradiate                Conj/Tmut      29%        3d21      1%          5
 Lee's Rapid Deconstruct  Erth           38%        3d20*     1%          5
 Death Channel            Necr           47%        N/A       1%          6
 Statue Form              Tmut/Erth      50%        N/A       1%          6
 Dragon Form              Tmut           37%        N/A       1%          7
 Ozocubu's Refrigeration  Ice            38%        4d15      1%          7
 Conjure Flame            Conj/Fire      35%        6-21      3%          3
 Metabolic Englaciation   Hex/Ice        26%        N/A       3%          5
 Yara's Violent Unravell  Hex/Tmut       26%        3d11      4%          5
 Freezing Cloud           Conj/Ice/Air   23%        6-21      8%          5
 Dazzling Flash           Conj/Hex       48%        N/A       12%         3
 Inner Flame              Hex/Fire       24%        N/A       12%         3
 Flame Wave               Conj/Fire      35%        2d10      12%         4
 Mephitic Cloud           Conj/Pois/Air  20%        N/A       19%         3
 Call Imp                 Summ           13%        N/A       21%         2
 Poisonous Vapours        Pois/Air       26%        N/A       21%         2
 Eringya's Noxious Bog    Tmut/Pois      26%        N/A       22%         6
 Fireball                 Conj/Fire      17%        3d9       32%         5
 Iskenderun's Battlesphe  Conj           35%        2d9       32%         5
 Fulminant Prism          Conj/Hex       12%        3d9       36%         4
 Iskenderun's Mystic Bla  Conj/Tloc      24%        2d7       36%         4
 Call Canine Familiar     Summ           13%        N/A       38%         3
 Lesser Beckoning         Tloc           13%        N/A       38%         3
 Portal Projectile        Hex/Tloc       26%        N/A       38%         3
 Tukima's Dance           Hex            13%        N/A       38%         3
 Haunt                    Necr/Summ      34%        N/A       77%         7
 Storm Form               Tmut/Air       26%        N/A       77%         7
 Olgreb's Toxic Radiance  Pois           13%        N/A       80%         4
 Passage of Golubria      Tloc           13%        N/A       80%         4
 Summon Lightning Spire   Summ/Air       13%        N/A       80%         4
 Starburst                Conj/Fire      17%        6d6       87%         6
 Manifold Assault         Tloc           13%        N/A       98%         5
 Summon Forest            Summ/Tloc      6%         N/A       98%         5
 Summon Mana Viper        Hex/Summ       13%        N/A       98%         5
 Summon Cactus Giant      Summ           6%         N/A       100%        6
 Spellforged Servitor     Conj/Summ      12%        N/A       100%        7
 Summon Hydra             Summ           6%         N/A       100%        7
 Borgnjor's Revivificati  Necr           47%        N/A       11%         8
 Infestation              Necr           47%        N/A       11%         8
 Death's Door             Necr           47%        N/A       86%         9
 Ignition                 Fire           17%        3d7       100%        8
 Maxwell's Capacitive Co  Air            6%         ∞         100%        8
 Animate Dead             Necr           Unusable   N/A       N/A         4
 Simulacrum               Ice/Necr       Unusable   N/A       N/A         6
 Corpse Rot               Necr/Pois/Air  Unusable   N/A       N/A         4
 Blink                    Tloc           Unusable   N/A       N/A         2
 Swiftness                Air            Unusable   N/A       N/A         3

Dungeon Overview and Level Annotations

Branches:
Dungeon (15/15)            Temple (1/1) D:4            Lair (5/5) D:9
 Shoals (4/4) Lair:2        Snake (4/4) Lair:3        Slime (0/5) Lair:4
    Orc (2/2) D:12            Elf (3/3) Orc:2        Vaults (5/5) D:14
  Crypt (3/3) Vaults:3       Tomb (3/3) Crypt:3      Depths (0/4) D:15
  IceCv (visited)         Volcano (visited)          WizLab (visited)
Desolation (visited)

Altars:
Ashenzari
Cheibriados
Dithmenos
Elyvilon
Fedhas
Gozag
Hepliaklqana
Kikubaaqudgha
Makhleb
Nemelex Xobeh
Okawaru
Qazlal
Ru
Sif Muna
Trog
Uskayaw
Vehumet
Wu Jian
Xom
Yredelemnul
Zin
The Shining One
Jiyva
Lugonu

Shops:
D:1 =   D:5 *   D:7 !   D:11 :   D:15 **   Orc:2 =?**   Elf:3 :   Shoals:2 [
Snake:1 ***(   Snake:2 =   Snake:3 **=?!   Vaults:1 !*![   Vaults:2 !
Vaults:4 *[*

Portals:
Abyss: Lair:5


Innate Abilities, Weirdness & Mutations

You are an undead lich.
Your unarmed attacks are suffused with negative energy.
You are immune to unholy pain and torment.
Your necromantic spells are more powerful.
You cannot drink.
You are immune to poison.
You cannot be hasted, slowed, berserked, paralysed or teleported.
You can dig through walls and to a lower floor.
You have a pair of large antennae on your head. (SInv)
Your four strong arms can wield two-handed weapons with a shield.
You are partially covered in iridescent scales. (AC +2)
You are resistant to electric shocks. (rElec)
You expend magic power (3 MP) to strengthen your wands.


Message History

You feel more clever all of a sudden.
The death scarab is distracted by your dazzling golden aura.
Casting: Necromutation (dangerous; 11% risk of failure)
Confirm with . or Enter, or press ? or * to list all spells.
Aiming: Borgnjor's Vile Clutch (safe; 1% risk of failure)
Press: ? - help, Shift-Dir - straight line, f - royal mummy
Aim: a royal mummy (moderately damaged, 100% to hit)
You feel a strong surge of power!
The flayed ghost is unaffected.
Zombie hands grab the royal mummy. x2
Zombie hands grab the guardian mummy.
The hell beast roars deafeningly!
The death scarab's many legs skitter faintly.
The zombie hands constrict the royal mummy!
The zombie hands constrict the guardian mummy.
The zombie hands constrict the royal mummy!
The lich is distracted by your dazzling golden aura.
The ushabti shakes and rattles deafeningly!
You block the flayed ghost's attack.
The royal mummy mumbles some strange words.
The royal mummy struggles to escape constriction.
The guardian mummy struggles to escape constriction.
The ushabti is distracted by your dazzling golden aura.
The lich shouts!
Casting: Borgnjor's Vile Clutch (safe; 1% risk of failure)
Confirm with . or Enter, or press ? or * to list all spells.
Aiming: Borgnjor's Vile Clutch (safe; 1% risk of failure)
Press: ? - help, Shift-Dir - straight line, f - ushabti, p - royal mummy
Aim: an ushabti (almost destroyed, catching its breath, 100% to hit)
You feel a strong surge of power!
Zombie hands grab the ushabti.
The zombie hands constrict the ushabti.
The zombie hands constrict the royal mummy!!
The zombie hands constrict the guardian mummy!
The zombie hands constrict the royal mummy!
The neqoxec is no longer distracted by gold.
The ushabti gestures stiffly at you.
You convulse!
You die...
Your body crumbles into a pile of gold. $ $ $$$$$$$$ $ .#9W...3# $ $$$$$$$ $$ .'..MBM.M{ { $$$$$$$$ $$ #$B.1^9# $ $$$$$ $ #§MLM$s#{ { $$$$$$$ $ { #2M..B9# $$$$$$ $ #..^$M$# $$$$ $ $ #...bW$# $$$$ $ $ #.$$$9L# $$$$ ########

You could see 3 royal mummies, an emperor scorpion (summoned), a Tzitzimitl, a hell beast, a lich (fast, invisible), a bennu, a mummy priest, a flayed ghost (summoned), 2 guardian mummies, 4 ushabtiu, a neqoxec (summoned), 3 death scarabs, a shadow (summoned, invisible) and a mummy.

Vanquished Creatures
  2 dread liches
  29 royal mummies
  Bai Suzhen (Vaults:2)
  Frederick (Vaults:4)
  Boris (Vaults:5)
  Margery (Vaults:4)
  Vashnia (Snake:3)
  Saint Roka (Vaults:1)
  3 golden dragons
  Jory (Vaults:5)
  Nikola (Elf:2)
  A mutant beast (WizLab)
  Zenata (Vaults:4)
  3 tentacled monstrosities
  Mlioglotl (Snake:1)
  Asterion (Snake:3)
  6 liches
  3 deep elf blademasters
  2 deep elf master archers (Elf:3)
  7 titans (Vaults:5)
  A quicksilver dragon (Vaults:5)
  13 ancient champions
  6 tengu reavers
  A shadow dragon (Vaults:4)
  Gastronok (Lair:3)
  9 sphinxes
  A kraken (Shoals:2)
  4 storm dragons
  Donald (Shoals:4)
  3 azure jellies (IceCv)
  5 revenants
  7 nagarajas (Snake:4)
  A rockslime (IceCv)
  5 fire giants
  2 frost giants
  7 deep elf sorcerers
  Aizul (Vaults:2)
  2 imperial myrmidons (Desolation)
  The ghost of matti1234 the Unseen, an adept KoEn of Elyvilon (Shoals:3)
  2 orc warlords
  11 vault wardens
  An iron dragon (Vaults:5)
  18 ironbound preservers
  The ghost of BlackCrag the Bludgeoner, a journeyman MiBe of Trog (Shoals:1)
  A curse skull (Crypt:3)
  3 ghouls (Crypt:3)
  3 deep elf elementalists (Elf:3)
  2 war gargoyles
  17 very ugly things
  4 quicksilver oozes (IceCv)
  2 stone giants
  7 bennus
  8 deep elf demonologists
  8 ironbound thunderhulks
  3 vampire knights
  A halazid warlock (Desolation)
  8 dire elephants
  7 deep elf annihilators
  2 entropy weavers
  The ghost of Ysky the Fighter, a journeyman GrFi of Cheibriados (D:13)
  A spectral quicksilver dragon (Crypt:3)
  3 crystal guardians
  11 deep elf death magi
  16 merfolk impalers
  Josephine (D:14)
  21 mummy priests
  7 ettins
  9 ragged hierophants (Desolation)
  A spectral iron giant (Crypt:3)
  A spectral kraken (Shoals:1)
  A fire dragon (Shoals:1)
  13 jiangshi
  9 merfolk javelineers
  18 yaktaur captains
  3 eidola
  4 deep elf high priests
  A rakshasa (D:14)
  8 great orbs of eyes
  The ghost of Wougak the Devastator, a journeyman DsCj of Vehumet (D:13)
  8 hydras
  A boulder beetle (D:14)
  An ice dragon (Shoals:1)
  6 servants of whispers (Desolation)
  2 salamander tyrants (Snake:2)
  41 vault guards
  An ice dragon (shapeshifter) (WizLab)
  8 peacekeepers
  A jorogumo (shapeshifter) (Vaults:5)
  4 merfolk avatars
  An ogre mage (D:15)
  4 alligator snapping turtles (Shoals:4)
  15 centaur warriors
  5 death knights
  14 naga warriors
  7 merfolk aquamancers
  2 satyrs
  13 ironbound frosthearts
  16 anacondas
  2 spriggan skeletons
  A death yak (Lair:2)
  A tengu warrior (D:15)
  28 dancing weapons
  11 two-headed ogres
  31 death scarabs
  Urug (Orc:1)
  7 vampire magi
  2 deep troll earth magi
  A spectral storm dragon (Crypt:3)
  2 thrashing horrors (Lair:5)
  2 orc high priests
  15 naga sharpshooters
  7 shock serpents
  14 deep elf knights
  8 hell knights
  An emperor scorpion zombie (Crypt:3)
  A fire crab (shapeshifter) (WizLab)
  16 shadow wraiths
  4 soul eaters
  A fire crab (Volcano)
  Lodul (D:13)
  37 skeletal warriors
  An iron troll (Vaults:4)
  A bunyip zombie (Tomb:1)
  A glowing orange brain (Vaults:2)
  17 sea snakes
  58 deep trolls
  11 flayed ghosts
  A wizard (Vaults:3)
  12 deep elf archers
  9 lindwurms
  7 naga ritualists
  A lindwurm (shapeshifter) (WizLab)
  29 phantasmal warriors
  A bunyip skeleton (Crypt:1)
  21 harpies
  An obsidian statue (D:14)
  16 orc knights
  2 orange crystal statues (IceCv)
  A sphinx zombie (D:15)
  A swamp dragon (shapeshifter) (Vaults:5)
  9 necromancers
  25 deep elf pyromancers
  25 deep elf zephyrmancers
  28 ironbound convokers
  11 mana vipers
  A stone giant zombie (D:15)
  5 oklob plants
  11 fauns
  45 ugly things
  A mana viper (shapeshifter) (WizLab)
  8 orc sorcerers
  15 cyclopes
  A spectral ice dragon (Crypt:3)
  A wolf spider (shapeshifter) (Vaults:5)
  A salamander (shapeshifter) (WizLab)
  15 manticores
  A moth of wrath (Shoals:3)
  A frost giant skeleton (Vaults:1)
  34 black mambas
  13 large abominations
  12 merfolk sirens
  11 salamanders
  17 vault sentinels
  A sphinx skeleton (Crypt:1)
  A water nymph (Shoals:2)
  9 guardian serpents
  A rust devil (D:14)
  An elephant (shapeshifter) (WizLab)
  2 guardian serpents (shapeshifter)
  An ice statue (D:14)
  A water nymph (shapeshifter) (Vaults:5)
  A smoke demon (Lair:5)
  12 cane toads
  A cane toad (shapeshifter) (WizLab)
  3 gargoyles
  24 naga magi
  3 unseen horrors
  4 elephants (Lair:5)
  3 spectral sea snakes (Shoals:1)
  An orange demon (D:14)
  A torpor snail (Lair:5)
  2 unseen horrors (shapeshifter)
  2 kobold demonologists (D:13)
  A swamp worm zombie (Crypt:2)
  13 freezing wraiths
  2 elves (WizLab)
  A white draconian zombie (Crypt:3)
  2 yaktaurs (shapeshifter) (WizLab)
  2 rime drakes (shapeshifter) (WizLab)
  5 rime drakes
  29 yaktaurs
  6 komodo dragons
  4 tengu conjurers
  A spectral harpy (Crypt:3)
  2 ancient zymes (Lair:5)
  An ice devil (D:14)
  32 guardian mummies
  A sea snake skeleton (Crypt:3)
  A red devil (D:14)
  50 merfolk
  A green draconian skeleton (Crypt:3)
  A queen bee (shapeshifter) (WizLab)
  A hornet (D:7)
  4 meliai
  3 meliai (shapeshifter)
  A polar bear (Lair:5)
  A tarantella (shapeshifter) (WizLab)
  A tengu simulacrum (Vaults:1)
  3 wind drakes
  9 trolls
  2 hornets (shapeshifter) (WizLab)
  A harpy skeleton (Crypt:1)
  An iron dragon simulacrum (Crypt:1)
  69 saltlings
  17 blink frogs
  A radroach zombie (Crypt:3)
  35 slime creatures
  An alligator zombie (Crypt:2)
  14 dream sheep
  A slime creature (shapeshifter) (WizLab)
  9 snapping turtles
  4 raiju (shapeshifter) (WizLab)
  A meliai zombie (Crypt:2)
  A frost giant simulacrum (Vaults:1)
  2 ettin zombies
  A centaur simulacrum (D:15)
  A guardian serpent skeleton (Crypt:1)
  A jumping spider (shapeshifter) (WizLab)
  34 flying skulls
  17 water elementals
  Sigmund (D:2)
  39 yaks
  2 vampires
  9 shadows
  A spriggan (Lair:5)
  A slime creature zombie (Crypt:1)
  20 wraiths
  A spriggan (shapeshifter) (WizLab)
  17 ushabtiu
  2 air elementals
  3 fire elementals
  4 humans (WizLab)
  8 basilisks
  2 ynoxinuls (Lair:5)
  3 wyverns
  2 yaks (shapeshifter) (WizLab)
  7 fire bats (Volcano)
  A golden eye (shapeshifter) (Lair:5)
  3 steam dragons
  6 vampire mosquitoes
  5 wargs
  3 chaos spawn
  A glowing shapeshifter zombie (D:15)
  An elf skeleton (Vaults:1)
  Menkaure (D:4)
  3 redbacks
  40 nagas
  A tengu zombie (D:15)
  Edmund (D:6)
  A faun zombie (Crypt:2)
  A demonspawn zombie (Crypt:1)
  An iron golem (WizLab)
  2 spectral snapping turtles (Shoals:1)
  A hell hound (Volcano)
  2 acid dragons (D:12)
  2 water moccasins (shapeshifter) (WizLab)
  22 water moccasins
  4 floating eyes (WizLab)
  Duvessa (D:6)
  A glowing shapeshifter skeleton (Crypt:1)
  A swamp drake (shapeshifter) (Lair:5)
  A dream sheep zombie (Crypt:3)
  16 small abominations
  A sky beast (Shoals:3)
  2 black bears
  28 orc warriors
  4 great orb of eyes simulacra (IceCv)
  5 swamp drakes (Lair:5)
  A floating eye zombie (Crypt:2)
  A water nymph skeleton (Crypt:3)
  6 ice beasts
  17 ogres
  2 snapping turtle skeletons
  A centaur (shapeshifter) (Vaults:2)
  8 centaurs
  3 human zombies (Vaults:1)
  5 phantoms
  5 slime creature simulacra (IceCv)
  A yaktaur zombie (Crypt:1)
  A vine stalker zombie (Crypt:1)
  6 kobold brigands
  3 elf zombies (Elf:1)
  A human skeleton (Vaults:1)
  3 necrophages
  2 scorpions
  13 bullfrogs
  A gnoll sergeant (D:7)
  4 glowing shapeshifter simulacra (IceCv)
  A naga simulacrum (Tomb:2)
  A troll zombie (D:12)
  Dowan (D:6)
  A shapeshifter zombie (Crypt:2)
  32 killer bees
  2 electric eels
  2 howler monkeys
  A crimson imp (D:14)
  3 quasits
  5 hounds
  3 jellies
  Crazy Yiuf (D:2)
  8 orc priests
  2 iron imps (D:14)
  A scorpion zombie (Crypt:2)
  Terence (D:2)
  A boggart zombie (Crypt:2)
  3 iguanas
  Natasha (thrice) (D:4)
  22 orc wizards
  A killer bee zombie (Crypt:1)
  6 ogre zombies (D:12)
  40 mummies
  Robin (D:2)
  4 adders
  9 gnolls
  4 shadow imps
  9 white imps
  8 ufetubi
  4 worms
  A dart slug (D:1)
  88 orcs
  4 bats
  8 endoplasms
  3 giant cockroaches
  9 hobgoblins
  3 jackals (D:3)
  9 quokkas
  8 ball pythons
  A frilled lizard (D:3)
  14 goblins
  2 hobgoblin skeletons (D:12)
  5 hobgoblin zombies (D:12)
  21 kobolds
  2 orc skeletons (D:12)
  11 orc zombies
  7 rats
  A bush (Shoals:1)
  8 pillars of salt (Orc:2)
  2 tentacles (Shoals:2)
2423 creatures vanquished.

Vanquished Creatures (collateral kills)
  A bennu (Tomb:2)
1 creature vanquished.

Vanquished Creatures (others)
  A lich (Tomb:2)
  A storm dragon (Vaults:5)
  A deep elf pyromancer (Elf:3)
  A cyclops (shapeshifter) (Vaults:5)
  A naga (Snake:2)
  An orc priest (Elf:3)
  An orc (Elf:3)
  A demonic plant (D:6)
  6 fungi
  12 pillars of salt (Orc:2)
  89 plants
  28 tentacles
  12 withered plants
155 creatures vanquished.

Grand Total: 2579 creatures vanquished

Notes
Turn   | Place    | Note
-------+----------+-------------------------------------------
     0 | D:1      | DildoBatman the Formicid Conjurer began the quest for the
                  | Orb.
     0 | D:1      | Reached XP level 1. HP: 13/13 MP: 3/3
   189 | D:1      | Reached XP level 2. HP: 19/19 MP: 1/5
   193 | D:1      | Learned a level 2 spell: Searing Ray
   252 | D:1      | Found Ydalit's One-of-a-Kind Rings.
   393 | D:1      | Found a faded altar of an unknown god.
   545 | D:2      | Reached XP level 3. HP: 24/24 MP: 3/6
   719 | D:2      | Noticed Robin
   739 | D:2      | Reached XP level 4. HP: 25/30 MP: 4/7
   742 | D:2      | Reached skill level 5 in Conjurations
   761 | D:2      | Killed Robin
   830 | D:2      | Found a runed translucent door.
   831 | D:2      | Noticed Crazy Yiuf
   863 | D:2      | Noticed Sigmund
  1254 | D:2      | Reached XP level 5. HP: 35/35 MP: 5/8
  1254 | D:2      | Noticed Terence
  1444 | D:3      | Learned a level 3 spell: Stone Arrow
  2005 | D:3      | Found a sparkling altar of Nemelex Xobeh.
  2006 | D:3      | Found an opulent altar of Gozag.
  2136 | D:4      | Found a stormy altar of Qazlal.
  2146 | D:4      | Found a transporter.
  2166 | D:4      | Reached skill level 1 in Earth Magic
  2211 | D:4      | Noticed Menkaure
  2242 | D:4      | Found a transporter.
  2245 | D:4      | Noticed an ice beast
  2246 | D:4      | Noticed an ice beast
  2247 | D:4      | Noticed an ice beast
  2266 | D:4      | Reached XP level 6. HP: 36/41 MP: 5/9
  2300 | D:4      | Reached skill level 1 in Armour
  2303 | D:4      | Noticed Natasha
  2315 | D:4      | Found a hazy altar of Hepliaklqana.
  2361 | D:4      | Found a staircase to the Ecumenical Temple.
  2370 | Temple   | Entered the Ecumenical Temple
  2531 | D:4      | Reached XP level 7. HP: 46/46 MP: 2/10
  2781 | D:5      | Entered Level 5 of the Dungeon
  2875 | D:5      | Found a bloodstained altar of Trog.
  2960 | D:5      | Found Xiofucy's Assorted Antiques.
  2966 | D:5      | Bought a glowing white potion for 22 gold pieces
  3257 | D:5      | Reached skill level 5 in Earth Magic
  3276 | D:5      | Found an iron altar of Okawaru.
  4197 | D:6      | Found an ancient bone altar of Kikubaaqudgha.
  4202 | D:6      | Became a worshipper of Kikubaaqudgha
  4247 | D:6      | Reached XP level 8. HP: 44/52 MP: 9/12
  4329 | D:2      | Killed Sigmund
  4399 | D:2      | Killed Terence
  4507 | D:2      | Killed Crazy Yiuf
  4592 | D:4      | Killed Natasha
  4654 | D:4      | Killed Menkaure
  4655 | D:4      | Reached skill level 5 in Spellcasting
  4757 | D:4      | Noticed Natasha
  4760 | D:4      | Killed Natasha
  4795 | D:4      | Noticed Natasha
  4796 | D:4      | Killed Natasha
  4925 | D:5      | Reached skill level 1 in Fighting
  5109 | D:6      | Reached XP level 9. HP: 57/63 MP: 10/18
  5131 | D:6      | Reached * piety under Kikubaaqudgha
  5131 | D:6      | Received a gift from Kikubaaqudgha
  5135 | D:6      | Learned a level 2 spell: Sublimation of Blood
  5354 | D:6      | Found a basalt altar of Yredelemnul.
  5355 | D:6      | Noticed Duvessa
  5355 | D:6      | Noticed Dowan
  5361 | D:6      | Killed Dowan
  5378 | D:6      | Killed Duvessa
  5634 | D:6      | Noticed Edmund
  5638 | D:6      | Killed Edmund
  5639 | D:6      | Reached skill level 5 in Fighting
  5639 | D:6      | Reached skill level 5 in Armour
  5875 | D:7      | Found Deka Xal's Distillery.
  5881 | D:7      | Bought a potion of degeneration for 15 gold pieces
  5881 | D:7      | Bought a potion of curing for 45 gold pieces
  5881 | D:7      | Bought a potion of heal wounds for 75 gold pieces
  5966 | D:7      | Found a shadowy altar of Dithmenos.
  6050 | D:7      | Reached ** piety under Kikubaaqudgha
  6051 | D:7      | Reached XP level 10. HP: 41/74 MP: 15/22
  6242 | D:7      | Learned a level 3 spell: Conjure Flame
  6470 | D:7      | Reached skill level 1 in Fire Magic
  7115 | D:8      | Found the +7 mace of Variability {chain chaos}
  7118 | D:8      | Found a shimmering altar of Xom.
  7296 | D:9      | Found a staircase to the Lair.
  7298 | D:9      | Noticed a komodo dragon
  7397 | D:9      | Reached skill level 5 in Fire Magic
  7514 | D:9      | Reached *** piety under Kikubaaqudgha
  7514 | D:9      | Received a gift from Kikubaaqudgha
  7515 | D:9      | Reached XP level 11. HP: 44/83 MP: 13/23
  7529 | D:9      | Learned a level 5 spell: Borgnjor's Vile Clutch
  7877 | D:9      | Found a burning altar of Makhleb.
  8111 | D:10     | Entered Level 10 of the Dungeon
  8329 | D:10     | Reached skill level 5 in Necromancy
  8426 | D:10     | Noticed a two-headed ogre
  8469 | D:10     | Killed a two-headed ogre
  8561 | D:10     | Found a snail-covered altar of Cheibriados.
  9085 | D:11     | Found a hide-covered altar of Uskayaw.
  9150 | D:11     | Noticed a two-headed ogre
  9192 | D:11     | Killed a two-headed ogre
  9239 | D:11     | Found Cuostut's Book Boutique.
  9275 | D:11     | Reached XP level 12. HP: 89/89 MP: 14/24
  9764 | D:12     | Identified the +2 leather armour of Amorality {Dex+4}
  9787 | D:12     | Noticed a seven-headed hydra
  9795 | D:12     | Noticed a two-headed ogre
  9854 | D:12     | Killed a two-headed ogre
  9886 | D:12     | Killed a seven-headed hydra
  9892 | D:12     | Found a blossoming altar of Fedhas.
  9954 | D:12     | Noticed a seven-headed hydra
  9965 | D:12     | Killed a seven-headed hydra
  9989 | D:12     | Noticed a two-headed ogre
 10006 | D:12     | Killed a two-headed ogre
 10090 | D:12     | Reached **** piety under Kikubaaqudgha
 10218 | D:12     | Found a staircase to the Orcish Mines.
 10268 | D:12     | Reached skill level 10 in Earth Magic
 10812 | D:9      | Found a glowing silver altar of Zin.
 10812 | D:9      | Found a faded altar of an unknown god.
 10825 | D:9      | Reached ***** piety under Kikubaaqudgha
 10843 | D:9      | Found a white marble altar of Elyvilon.
 10845 | D:9      | Found a hide-covered altar of Uskayaw.
 10847 | D:9      | Found a blossoming altar of Fedhas.
 11047 | D:4      | You fall into a shaft and drop 1 floor!
 11051 | D:5      | You fall into a shaft and drop 3 floors!
 11147 | Orc:1    | Entered Level 1 of the Orcish Mines
 11168 | Orc:1    | Reached skill level 10 in Necromancy
 11300 | Orc:1    | Reached XP level 13. HP: 94/94 MP: 6/26
 11316 | Orc:1    | Found a dark tunnel.
 11324 | Volcano  | Entered a volcano
 11650 | Orc:1    | Reached skill level 10 in Spellcasting
 11960 | Orc:1    | Noticed Urug
 11969 | Orc:1    | Killed Urug
 12129 | Orc:2    | Entered Level 2 of the Orcish Mines
 12536 | Orc:2    | Reached ****** piety under Kikubaaqudgha
 12549 | Orc:2    | Received a gift from Kikubaaqudgha
 12550 | Orc:2    | Fell from the grace of Kikubaaqudgha
 12794 | D:3      | Became a worshipper of Gozag Ym Sagoz the Greedy
 13181 | D:1      | Bought the ring of Apsiutel {rC+ Will+ EV+4 Str-2 Stlth+}
                  | for 596 gold pieces
 13554 | Orc:2    | Found a staircase to the Elven Halls.
 13619 | Orc:2    | Reached skill level 5 in Dodging
 13847 | Orc:2    | Found Xiuxa's Assorted Antiques.
 13891 | Orc:2    | Bought a scroll of identify for 60 gold pieces
 13923 | Orc:2    | Reached XP level 14. HP: 81/104 MP: 18/28
 13940 | Orc:2    | Found Mesh's Magic Scroll Shop.
 13946 | Orc:2    | Found Mujef's Assorted Antiques.
 13952 | Orc:2    | Bought a scroll labelled XAVALI WUQANO for 32 gold pieces
 13952 | Orc:2    | Bought a scroll labelled SAIXIQO ZAKLAJ for 32 gold pieces
 13952 | Orc:2    | Bought a scroll labelled NAKHLA EZOM for 32 gold pieces
 13952 | Orc:2    | Bought a scroll labelled SAIXIQO ZAKLAJ for 32 gold pieces
 13952 | Orc:2    | Bought a scroll of identify for 64 gold pieces
 13952 | Orc:2    | Bought a murky orange potion for 28 gold pieces
 13956 | Orc:2    | Bought a scroll of enchant armour for 112 gold pieces
 13956 | Orc:2    | Bought a scroll of identify for 30 gold pieces
 13956 | Orc:2    | Bought a scroll of magic mapping for 112 gold pieces
 13956 | Orc:2    | Bought a scroll of torment for 142 gold pieces
 14057 | Orc:2    | Gained mutation: You expend magic power (3 MP) to
                  | strengthen your wands. [potion of mutation]
 14058 | Orc:2    | Lost mutation: You expend magic power (3 MP) to strengthen
                  | your wands. [potion of mutation]
 14058 | Orc:2    | Gained mutation: You do not regenerate when monsters are
                  | visible. [potion of mutation]
 14058 | Orc:2    | Gained mutation: You are partially covered in iridescent
                  | scales. (AC +2) [potion of mutation]
 14058 | Orc:2    | Gained mutation: You passively map a small area around you.
                  | [potion of mutation]
 14059 | Orc:2    | Lost mutation: You passively map a small area around you.
                  | [potion of mutation]
 14059 | Orc:2    | Lost mutation: You do not regenerate when monsters are
                  | visible. [potion of mutation]
 14059 | Orc:2    | Lost mutation: You are partially covered in iridescent
                  | scales. (AC +2) [potion of mutation]
 14059 | Orc:2    | Gained mutation: Your system is resistant to poisons.
                  | (rPois) [potion of mutation]
 14059 | Orc:2    | Gained mutation: You are strong-willed. (Will+) [potion of
                  | mutation]
 14161 | Orc:2    | Found Heveokh's Jewellery Emporium.
 14537 | D:13     | Noticed Lodul
 14553 | D:13     | Killed Lodul
 14589 | D:13     | Lost mutation: Your system is resistant to poisons. (rPois)
                  | [potion of mutation]
 14589 | D:13     | Lost mutation: You are strong-willed. (Will+) [potion of
                  | mutation]
 14589 | D:13     | Gained mutation: You occasionally lose the ability to read
                  | scrolls when taking damage. [potion of mutation]
 14589 | D:13     | Gained mutation: Your spells are a little harder to cast,
                  | but a little more powerful. [potion of mutation]
 14589 | D:13     | Gained mutation: You possess an exceptional clarity of
                  | mind. [potion of mutation]
 14589 | D:13     | Gained mutation: Your flesh is heat resistant. (rF+)
                  | [potion of mutation]
 14592 | D:13     | Found a transporter.
 14600 | D:13     | Noticed Wougak's ghost (journeyman DsCj)
 14615 | D:13     | Found a transporter.
 14630 | D:13     | Noticed Ysky's ghost (journeyman GrFi)
 14798 | D:13     | Lost mutation: You occasionally lose the ability to read
                  | scrolls when taking damage. [potion of mutation]
 14798 | D:13     | Lost mutation: You possess an exceptional clarity of mind.
                  | [potion of mutation]
 14798 | D:13     | Lost mutation: Your flesh is heat resistant. (rF+) [potion
                  | of mutation]
 14798 | D:13     | Gained mutation: You are partially covered in iridescent
                  | scales. (AC +2) [potion of mutation]
 14798 | D:13     | Gained mutation: You are covered in fur. (AC +1) [potion of
                  | mutation]
 14798 | D:13     | Gained mutation: Armour fits poorly on your strangely
                  | shaped body. [potion of mutation]
 15037 | D:13     | Found a glowing golden altar of the Shining One.
 15163 | D:13     | Learned a level 8 spell: Necromutation
 15204 | D:14     | HP: 1/108 [centaur warrior/arrow (6)]
 15366 | D:14     | Noticed Josephine
 15373 | D:14     | Killed Josephine
 15388 | D:14     | Reached skill level 10 in Fighting
 15389 | D:14     | Reached skill level 10 in Armour
 15425 | D:14     | Found a frozen archway.
 15435 | IceCv    | Entered an ice cave
 15519 | IceCv    | Noticed a quicksilver ooze
 15619 | IceCv    | Noticed a quicksilver ooze
 15626 | IceCv    | Killed a quicksilver ooze
 15633 | IceCv    | Noticed a quicksilver ooze
 15665 | IceCv    | Killed a quicksilver ooze
 15736 | IceCv    | Killed a quicksilver ooze
 15860 | IceCv    | Noticed a quicksilver ooze
 16114 | IceCv    | Noticed a quicksilver ooze
 16183 | IceCv    | Killed a quicksilver ooze
 16184 | IceCv    | Reached XP level 15. HP: 12/115 MP: 8/29
 16233 | IceCv    | Noticed an azure jelly
 16293 | IceCv    | Killed an azure jelly
 16310 | IceCv    | Found a viscous altar of Jiyva.
 16310 | IceCv    | Noticed an azure jelly
 16333 | IceCv    | Killed an azure jelly
 16347 | IceCv    | Noticed a rockslime
 16347 | IceCv    | Noticed an azure jelly
 16373 | IceCv    | Killed a rockslime
 16448 | IceCv    | Killed an azure jelly
 16492 | IceCv    | Got the Compendium of Hypothermia
 16833 | D:14     | Found a gateway to a bazaar.
 16980 | D:14     | Identified the +12 dagger of Valour {vorpal, rC+}
 17111 | D:14     | You are sucked into a shaft and drop 1 floor!
 17111 | D:15     | Entered Level 15 of the Dungeon
 17111 | D:15     | Found Puving's Neck Hole.
 17350 | D:15     | Reached skill level 15 in Earth Magic
 17430 | D:15     | Was forgiven by Kikubaaqudgha
 17833 | D:15     | Found a staircase to the Depths.
 17838 | D:14     | Found a gate to the Vaults.
 17849 | D:14     | You are sucked into a shaft and drop 1 floor!
 17867 | D:15     | Reached XP level 16. HP: 85/122 MP: 11/30
 18068 | D:15     | Found Finecoh's General Store.
 18076 | D:15     | Bought a scroll of acquirement for 780 gold pieces
 18520 | Lair:1   | Entered Level 1 of the Lair of Beasts
 19334 | Lair:1   | Reached skill level 15 in Necromancy
 19708 | Lair:2   | Lost mutation: Armour fits poorly on your strangely shaped
                  | body. [potion of mutation]
 19708 | Lair:2   | Lost mutation: You are partially covered in iridescent
                  | scales. (AC +2) [potion of mutation]
 19708 | Lair:2   | Gained mutation: You are partially covered in large bone
                  | plates. (SH +4) [potion of mutation]
 19970 | Lair:2   | Found a staircase to the Shoals.
 20170 | Lair:2   | Got the Discourse on Excavation and Congelation
 20719 | Lair:3   | Found a staircase to the Snake Pit.
 20813 | Lair:3   | Noticed Gastronok
 20823 | Lair:3   | Killed Gastronok
 21474 | Lair:4   | Identified the +0 chain mail of the Doldrums {Int-3 Dex+5
                  | SInv Stlth+}
 21506 | Lair:4   | Found a viscous altar of Jiyva.
 21506 | Lair:4   | Found a staircase to the Slime Pits.
 21998 | Lair:4   | You are sucked into a shaft and drop 1 floor!
 21998 | Lair:5   | Entered Level 5 of the Lair of Beasts
 22867 | Lair:5   | Reached XP level 17. HP: 126/128 MP: 27/31
 23088 | Lair:5   | Found a corrupted altar of Lugonu.
 23088 | Lair:5   | Found a one-way gate to the infinite horrors of the Abyss.
 23460 | Shoals:1 | Entered Level 1 of the Shoals
 23746 | Snake:1  | Entered Level 1 of the Snake Pit
 23890 | Snake:1  | Noticed Mlioglotl
 23947 | Snake:1  | Killed Mlioglotl
 24104 | Snake:1  | Found Zayh Veur's Assorted Antiques.
 24104 | Snake:1  | Found Woacam's General Store.
 24105 | Snake:1  | Found Qaing's General Store.
 24108 | Snake:1  | Found Maxitan's Weapon Boutique.
 24115 | Snake:1  | Bought a scroll of identify for 30 gold pieces
 24120 | Snake:1  | Bought a scroll of butterflies for 64 gold pieces
 24133 | Snake:1  | Bought a clear potion for 30 gold pieces
 24321 | D:7      | Bought a potion of curing for 45 gold pieces
 24321 | D:7      | Bought a potion of might for 60 gold pieces
 24321 | D:7      | Bought a potion of experience for 750 gold pieces
 24452 | Snake:1  | Reached skill level 1 in Shields
 24980 | Snake:2  | Found a transporter.
 25051 | Snake:2  | Reached skill level 5 in Shields
 25285 | Snake:2  | Found a transporter.
 25342 | Snake:2  | Found Welan's Jewellery Boutique.
 25588 | Snake:3  | Found a basalt altar of Yredelemnul.
 25632 | Snake:3  | Noticed Vashnia
 25645 | Snake:3  | Killed Vashnia
 25646 | Snake:3  | Reached XP level 18. HP: 125/134 MP: 17/32
 25649 | Snake:3  | Noticed Asterion
 25800 | Snake:3  | HP: 5/130 [Asterion/+2 broad axe of flaming (2)]
 25803 | Snake:3  | Killed Asterion
 26171 | Snake:3  | Found Ihihuh's General Store.
 26173 | Snake:3  | Found Ynener's Assorted Antiques.
 26178 | Snake:3  | Found Afuulov's Magic Scroll Shoppe.
 26182 | Snake:3  | Found Matraff's Distillery.
 26183 | Snake:3  | Found Uladyuk's Jewellery Shoppe.
 26192 | Snake:3  | Bought a potion of curing for 48 gold pieces
 26192 | Snake:3  | Bought a potion of curing for 48 gold pieces
 26192 | Snake:3  | Bought a potion of mutation for 128 gold pieces
 26192 | Snake:3  | Bought a potion of mutation for 128 gold pieces
 26197 | Snake:3  | Bought a scroll of identify for 40 gold pieces
 26197 | Snake:3  | Bought a scroll of identify for 40 gold pieces
 26210 | Snake:3  | Bought a scroll of identify for 74 gold pieces
 26210 | Snake:3  | Bought a heavily runed tower shield for 351 gold pieces
 26210 | Snake:3  | Identified the +6 tower shield of Suof {Int+6} (You bought
                  | it in a shop on level 3 of the Snake Pit)
 26215 | Snake:3  | Bought 2 potions of curing for 96 gold pieces
 26241 | Snake:3  | Lost mutation: You are covered in fur. (AC +1) [potion of
                  | mutation]
 26241 | Snake:3  | Lost mutation: You are partially covered in large bone
                  | plates. (SH +4) [potion of mutation]
 26241 | Snake:3  | Lost mutation: Your spells are a little harder to cast, but
                  | a little more powerful. [potion of mutation]
 26241 | Snake:3  | Gained mutation: A frigid envelope surrounds you and
                  | freezes all who hurt you. [potion of mutation]
 26241 | Snake:3  | Gained mutation: Your natural rate of healing is unusually
                  | fast. [potion of mutation]
 26241 | Snake:3  | Gained mutation: You are robust. (+10% HP) [potion of
                  | mutation]
 26321 | Snake:4  | Entered Level 4 of the Snake Pit
 26582 | Snake:4  | Reached skill level 10 in Shields
 27242 | Snake:4  | Learned a level 6 spell: Iron Shot
 27661 | Snake:4  | Reached XP level 19. HP: 134/154 MP: 23/33
 27736 | Snake:4  | Got a serpentine rune of Zot
 28100 | Shoals:1 | Found a transporter.
 28273 | Shoals:1 | Reached skill level 15 in Shields
 28645 | Shoals:1 | Found a transporter.
 28647 | Shoals:1 | Found the +8 autumn katana {vorpal, manifold assault}
 28649 | Shoals:1 | Noticed BlackCrag's ghost (journeyman MiBe)
 28756 | Shoals:1 | Identified the +1 animal skin "Meku" {Str+5}
 29517 | Shoals:2 | Found Tarhunz's Dragon-Slaying Spoils.
 29840 | Shoals:3 | Found a transporter.
 29846 | Shoals:3 | Noticed matti1234's ghost (adept KoEn)
 30399 | Shoals:3 | Found a transporter.
 30400 | Shoals:3 | Found a bloodstained altar of Trog.
 30702 | Shoals:4 | Entered Level 4 of the Shoals
 30775 | Shoals:4 | Noticed Donald
 30957 | Shoals:4 | Killed Donald
 30958 | Shoals:4 | Reached XP level 20. HP: 161/161 MP: 24/35
 31159 | Shoals:4 | Identified the +7 sling of Sharkskin {freeze, Dex+4}
 31703 | Shoals:4 | Got a barnacled rune of Zot
 32197 | Shoals:3 | Killed matti1234's ghost
 32698 | Snake:2  | Identified the ring of Reer {Will+++ MP-9 Str+9 Dex+6
                  | Stlth-}
 32991 | Snake:2  | Reached XP level 21. HP: 168/168 MP: 36/38
 32992 | Snake:2  | Reached XP level 22. HP: 174/174 MP: 37/39
 33339 | D:13     | Killed Ysky's ghost
 33372 | D:13     | Killed Wougak's ghost
 33543 | Orc:2    | Bought a scroll of brand weapon for 142 gold pieces
 33696 | Bazaar   | Entered a bazaar
 33696 | Bazaar   | Found Yfaolaok's General Store.
 33696 | Bazaar   | Found Murui's General Store.
 33699 | Bazaar   | Bought a potion of brilliance for 44 gold pieces
 33699 | Bazaar   | Bought a potion of heal wounds for 55 gold pieces
 33703 | Bazaar   | Bought a potion of resistance for 130 gold pieces
 33703 | Bazaar   | Bought the +10 tower shield of Ignorance {rN+ Int-4} for
                  | 744 gold pieces
 33703 | Bazaar   | Found the +10 tower shield of Ignorance {rN+ Int-4}
 33717 | Bazaar   | Found Etamuywk's General Store.
 33717 | Bazaar   | Found Goethuts's General Store.
 33724 | Bazaar   | Bought a scroll of identify for 20 gold pieces
 33728 | Bazaar   | Bought a wand of roots (7) for 319 gold pieces
 33739 | Bazaar   | Found Ezaweuhu's General Store.
 33739 | Bazaar   | Found Dijet's General Store.
 33746 | Bazaar   | Bought a potion of brilliance for 76 gold pieces
 33746 | Bazaar   | Bought a scroll of identify for 38 gold pieces
 33750 | Bazaar   | Bought a potion of curing for 30 gold pieces
 33750 | Bazaar   | Bought a potion of invisibility for 80 gold pieces
 33750 | Bazaar   | Bought a scroll of identify for 20 gold pieces
 33761 | Bazaar   | Found Uthuud's General Store.
 33761 | Bazaar   | Found Kyskalu's General Store.
 33768 | Bazaar   | Bought a scroll of identify for 28 gold pieces
 33768 | Bazaar   | Bought a potion of curing for 42 gold pieces
 33768 | Bazaar   | Bought a scroll of torment for 133 gold pieces
 33772 | Bazaar   | Bought a scroll of immolation for 60 gold pieces
 33772 | Bazaar   | Bought a scroll of immolation for 60 gold pieces
 34022 | Vaults:1 | Entered Level 1 of the Vaults
 34210 | Vaults:1 | Found Penge's Distillery.
 34213 | Vaults:1 | Found Uduma's Assorted Antiques.
 34236 | Vaults:1 | Bought a scroll of butterflies for 164 gold pieces
 34236 | Vaults:1 | Bought a scroll of identify for 82 gold pieces
 34236 | Vaults:1 | Bought a scroll of identify for 82 gold pieces
 34236 | Vaults:1 | Bought a scroll of identify for 82 gold pieces
 34236 | Vaults:1 | Bought a potion of mutation for 328 gold pieces
 34236 | Vaults:1 | Bought a gold wand for 164 gold pieces
 34236 | Vaults:1 | Bought a potion of curing for 123 gold pieces
 34279 | Vaults:1 | Bought a potion of brilliance for 84 gold pieces
 34279 | Vaults:1 | Bought a potion of brilliance for 84 gold pieces
 34279 | Vaults:1 | Bought a potion of magic for 168 gold pieces
 34279 | Vaults:1 | Bought a potion of heal wounds for 105 gold pieces
 34663 | Vaults:1 | Found Tehepaj's Antique Armour Boutique.
 34738 | Vaults:1 | Reached XP level 23. HP: 99/181 MP: 17/41
 35046 | Vaults:1 | Noticed Saint Roka
 35080 | Vaults:1 | Killed Saint Roka
 35248 | Vaults:1 | Reached skill level 15 in Spellcasting
 35340 | Vaults:1 | Found Mothobun's Distillery.
 35356 | Vaults:1 | Bought a potion of curing for 30 gold pieces
 35356 | Vaults:1 | Bought a potion of curing for 30 gold pieces
 35356 | Vaults:1 | Bought a potion of curing for 30 gold pieces
 35356 | Vaults:1 | Bought a potion of brilliance for 40 gold pieces
 35356 | Vaults:1 | Bought 2 potions of heal wounds for 100 gold pieces
 35356 | Vaults:1 | Bought a potion of resistance for 100 gold pieces
 35615 | Vaults:2 | Noticed Bai Suzhen
 35636 | Vaults:2 | Killed Bai Suzhen
 36122 | Vaults:2 | Reached skill level 1 in Transmutations
 36470 | Vaults:2 | Identified the ring "Haceuh" {Ice *Corrode rPois Dex+3}
 36477 | Vaults:2 | Found Oziqip's Distillery.
 36478 | Vaults:2 | Noticed Aizul
 36487 | Vaults:2 | Killed Aizul
 36516 | Vaults:2 | Bought a potion of curing for 42 gold pieces
 36516 | Vaults:2 | Bought a potion of heal wounds for 70 gold pieces
 36516 | Vaults:2 | Bought a potion of curing for 42 gold pieces
 36516 | Vaults:2 | Bought a potion of invisibility for 112 gold pieces
 36516 | Vaults:2 | Bought a potion of resistance for 140 gold pieces
 36516 | Vaults:2 | Bought a potion of might for 56 gold pieces
 36626 | Vaults:3 | Found a portal to a secret trove of treasure.
 37228 | Vaults:3 | Reached skill level 5 in Transmutations
 37626 | Vaults:3 | Found a staircase to the Crypt.
 37883 | Vaults:3 | Reached XP level 24. HP: 166/189 MP: 37/42
 38264 | Vaults:3 | Found a radiant altar of Vehumet.
 38477 | Vaults:3 | Reached skill level 10 in Transmutations
 38635 | Vaults:3 | You paid a toll of a +5 demon trident to enter a treasure
                  | trove
 38636 | Trove    | Entered a treasure trove
 38667 | Trove    | Identified the amulet of the Frog {Reflect Str+5 Dex+3
                  | SH+5}
 38669 | Trove    | Identified the ring "Uni Qioc" {Fly Dex+3}
 38671 | Trove    | Identified the ring of Temptation {Fly Str+3 Int-5 Dex+6}
 38691 | Trove    | Identified the +5 ring mail "Uthul" {Int+3 Dex+2}
 38768 | Vaults:4 | Noticed Frederick
 38779 | Vaults:4 | Killed Frederick
 38929 | Vaults:4 | Found Demuthuz's Armour Boutique.
 39051 | Vaults:4 | Noticed Margery
 39059 | Vaults:4 | Killed Margery
 39262 | Vaults:4 | Noticed Zenata
 39284 | Vaults:4 | Killed Zenata
 39634 | Vaults:4 | Identified the +5 sling "Voheu" {venom, rC+ Will+ MP+9
                  | Str+2}
 39750 | Vaults:4 | Found Maejuog's Assorted Antiques.
 39790 | Vaults:4 | Bought a potion of ambrosia for 344 gold pieces
 39790 | Vaults:4 | Bought a potion of curing for 129 gold pieces
 39790 | Vaults:4 | Bought a potion of magic for 344 gold pieces
 39854 | Vaults:4 | Reached skill level 15 in Transmutations
 40179 | Vaults:4 | Found Famen's General Store.
 40191 | Vaults:4 | Bought a scroll of acquirement for 676 gold pieces
 40191 | Vaults:4 | Bought a wand of roots (4) for 124 gold pieces
 40670 | Elf:1    | Entered Level 1 of the Elven Halls
 40741 | Elf:1    | Lost mutation: Your natural rate of healing is unusually
                  | fast. [potion of mutation]
 40741 | Elf:1    | Lost mutation: A frigid envelope surrounds you and freezes
                  | all who hurt you. [potion of mutation]
 40741 | Elf:1    | Lost mutation: You are robust. (+10% HP) [potion of
                  | mutation]
 40741 | Elf:1    | Gained mutation: Your flesh is heat resistant. (rF+)
                  | [potion of mutation]
 40742 | Elf:1    | Lost mutation: Your flesh is heat resistant. (rF+) [potion
                  | of mutation]
 40742 | Elf:1    | Gained mutation: Your body sometimes deteriorates upon
                  | taking damage. [potion of mutation]
 40742 | Elf:1    | Gained mutation: You are partially covered in large bone
                  | plates. (SH +4) [potion of mutation]
 40743 | Elf:1    | Lost mutation: Your body sometimes deteriorates upon taking
                  | damage. [potion of mutation]
 40743 | Elf:1    | Lost mutation: You are partially covered in large bone
                  | plates. (SH +4) [potion of mutation]
 40743 | Elf:1    | Gained mutation: You are agile. (Dex +4, Str/Int -1)
                  | [potion of mutation]
 40743 | Elf:1    | Lost mutation: You are agile. (Dex +4, Str/Int -1) [potion
                  | of mutation]
 40743 | Elf:1    | Gained mutation: You are robust. (+10% HP) [potion of
                  | mutation]
 40744 | Elf:1    | Lost mutation: You are robust. (+10% HP) [potion of
                  | mutation]
 40744 | Elf:1    | Gained mutation: You are frail. (-10% HP) [potion of
                  | mutation]
 40744 | Elf:1    | Gained mutation: Your body sometimes deteriorates upon
                  | taking damage. [potion of mutation]
 40744 | Elf:1    | Gained mutation: You are partially covered in iridescent
                  | scales. (AC +2) [potion of mutation]
 40745 | Elf:1    | Lost mutation: You are partially covered in iridescent
                  | scales. (AC +2) [potion of mutation]
 40745 | Elf:1    | Lost mutation: Your body sometimes deteriorates upon taking
                  | damage. [potion of mutation]
 40745 | Elf:1    | Gained mutation: Your flesh is heat resistant. (rF+)
                  | [potion of mutation]
 40745 | Elf:1    | Lost mutation: You are frail. (-10% HP) [potion of
                  | mutation]
 40745 | Elf:1    | Gained mutation: You are weak. (Str -2) [potion of
                  | mutation]
 40746 | Elf:1    | Lost mutation: You are weak. (Str -2) [potion of mutation]
 40746 | Elf:1    | Lost mutation: Your flesh is heat resistant. (rF+) [potion
                  | of mutation]
 40746 | Elf:1    | Gained mutation: Armour fits poorly on your strangely
                  | shaped body. [potion of mutation]
 40818 | Elf:1    | Reached XP level 25. HP: 159/177 MP: 42/42
 40909 | Elf:1    | Got Gloorx Vloq's Writings on Shadows
 41349 | Elf:1    | Found a radiant altar of Vehumet.
 41731 | Elf:2    | Found a crumbling gateway.
 41743 | Desolati | Entered the Desolation of Salt
 41950 | Desolati | Identified the +1 hand axe of Makhleb's Hatred {flame,
                  | Dex+5}
 41954 | Desolati | Identified the +1 falchion "Jakeh" {vorpal, rF+ Str+3
                  | Dex+3}
 41986 | Desolati | Identified the ring of Qath {EV+4 Str+2 Dex+2}
 42110 | Desolati | Identified the amulet of the Messenger {Faith +Inv Int+9
                  | Dex-4}
 42113 | Desolati | Identified the amulet of Goceonlu {Faith rPois Dex+2}
 42116 | Desolati | Identified the ring of Moodiness {+Blink Fly Will+ SInv}
 42195 | Desolati | Identified the +3 leather armour "Codeugit" {rElec Dex+4}
 42320 | Desolati | Identified the ring of Qorr {rPois Str+6}
 42420 | Desolati | Identified the +2 leather armour of Fegid {rN+ Will- Str+4}
 43074 | Elf:2    | Noticed Nikola
 43083 | Elf:2    | Killed Nikola
 43118 | Elf:2    | Found a huge runed translucent gate.
 43118 | Elf:2    | Found a huge runed translucent gate.
 43118 | Elf:2    | Found a huge runed translucent gate.
 43118 | Elf:2    | Found a huge runed translucent gate.
 43118 | Elf:2    | Found a huge runed translucent gate.
 43795 | Elf:3    | Entered Level 3 of the Elven Halls
 43874 | Elf:3    | Found Usoeqas's Book Shoppe.
 44451 | Elf:3    | Reached XP level 26. HP: 153/184 MP: 42/42
 44715 | Elf:3    | Identified the +4 whip "Taapnann" {vorpal, rPois MP+9
                  | Dex+2}
 44761 | Elf:3    | Identified the +7 broad axe "Asupat" {vorpal, Dex+3}
 44762 | Elf:3    | Identified the ring of the Establishment {Fly Str+3}
 44764 | Elf:3    | Identified the amulet "Azoimmul" {rF+ Regen+ Str+2 Dex-3
                  | SInv}
 44768 | Elf:3    | Identified the +1 robe of the Snail {Drain +Blink rPois
                  | Str-2}
 44863 | Elf:3    | Learned a level 3 spell: Ozocubu's Armour
 45237 | Shoals:1 | Reached skill level 1 in Ice Magic
 45284 | Shoals:1 | Identified the ring of Xom's Passing Interest {Wiz rF+ SInv
                  | Stlth+}
 45323 | Shoals:1 | You are sucked into a shaft and drop 1 floor!
 45415 | Shoals:1 | Killed BlackCrag's ghost
 45472 | Shoals:1 | Got the Teachings on the Heated Oath
 45874 | Crypt:1  | Entered Level 1 of the Crypt
 46322 | Crypt:1  | You are sucked into a shaft and drop 1 floor!
 46354 | Crypt:2  | Found a magical portal.
 46359 | WizLab   | Entered Cigotuvi's Fleshworks
 46677 | WizLab   | Found the -2 hat of the Alchemist {rElec rPois rF+ rC+ rN+
                  | Will+ rMut rCorr}
 46992 | WizLab   | Lost mutation: Armour fits poorly on your strangely shaped
                  | body. [potion of mutation]
 46992 | WizLab   | Gained mutation: You are frail. (-10% HP) [potion of
                  | mutation]
 46992 | WizLab   | Gained mutation: You expend magic power (3 MP) to
                  | strengthen your wands. [potion of mutation]
 46992 | WizLab   | Gained mutation: You passively map a small area around you.
                  | [potion of mutation]
 46992 | WizLab   | Gained mutation: Your mind is acute. (Int +4, Str/Dex -1)
                  | [potion of mutation]
 46993 | WizLab   | Lost mutation: You expend magic power (3 MP) to strengthen
                  | your wands. [potion of mutation]
 46993 | WizLab   | Lost mutation: You passively map a small area around you.
                  | [potion of mutation]
 46993 | WizLab   | Gained mutation: You occasionally shout uncontrollably at
                  | your foes. [potion of mutation]
 46993 | WizLab   | Gained mutation: Your system is resistant to poisons.
                  | (rPois) [potion of mutation]
 46994 | WizLab   | Lost mutation: Your system is resistant to poisons. (rPois)
                  | [potion of mutation]
 46994 | WizLab   | Lost mutation: Your mind is acute. (Int +4, Str/Dex -1)
                  | [potion of mutation]
 46994 | WizLab   | Lost mutation: You occasionally shout uncontrollably at
                  | your foes. [potion of mutation]
 46994 | WizLab   | Gained mutation: You are dopey. (Int -2) [potion of
                  | mutation]
 46994 | WizLab   | Gained mutation: You are agile. (Dex +4, Str/Int -1)
                  | [potion of mutation]
 46995 | WizLab   | Lost mutation: You are dopey. (Int -2) [potion of mutation]
 46995 | WizLab   | Lost mutation: You are frail. (-10% HP) [potion of
                  | mutation]
 46995 | WizLab   | Lost mutation: You are agile. (Dex +4, Str/Int -1) [potion
                  | of mutation]
 46995 | WizLab   | Gained mutation: You are strong-willed. (Will+) [potion of
                  | mutation]
 46995 | WizLab   | Gained mutation: Your magical capacity is low. (-10% MP)
                  | [potion of mutation]
 46995 | WizLab   | Gained mutation: You occasionally lose the ability to read
                  | scrolls when taking damage. [potion of mutation]
 46996 | WizLab   | Lost mutation: You occasionally lose the ability to read
                  | scrolls when taking damage. [potion of mutation]
 46996 | WizLab   | Lost mutation: Your magical capacity is low. (-10% MP)
                  | [potion of mutation]
 46996 | WizLab   | Lost mutation: You are strong-willed. (Will+) [potion of
                  | mutation]
 46996 | WizLab   | Gained mutation: Your mind is acute. (Int +4, Str/Dex -1)
                  | [potion of mutation]
 46996 | WizLab   | Gained mutation: Your magical capacity is low. (-10% MP)
                  | [potion of mutation]
 46996 | WizLab   | Gained mutation: You have sharp toenails. [potion of
                  | mutation]
 46997 | WizLab   | Lost mutation: You have sharp toenails. [potion of
                  | mutation]
 46997 | WizLab   | Lost mutation: Your magical capacity is low. (-10% MP)
                  | [potion of mutation]
 46997 | WizLab   | Gained mutation: Your muscles are strong. (Str +4, Int/Dex
                  | -1) [potion of mutation]
 46997 | WizLab   | Gained mutation: You are frail. (-10% HP) [potion of
                  | mutation]
 46997 | WizLab   | Gained mutation: You are agile. (Dex +4, Str/Int -1)
                  | [potion of mutation]
 46998 | WizLab   | Lost mutation: Your mind is acute. (Int +4, Str/Dex -1)
                  | [potion of mutation]
 46998 | WizLab   | Lost mutation: You are frail. (-10% HP) [potion of
                  | mutation]
 46998 | WizLab   | Lost mutation: Your muscles are strong. (Str +4, Int/Dex
                  | -1) [potion of mutation]
 46998 | WizLab   | Gained mutation: Your body sometimes deteriorates upon
                  | taking damage. [potion of mutation]
 46998 | WizLab   | Gained mutation: Your muscles are strong. (Str +4, Int/Dex
                  | -1) [potion of mutation]
 46999 | WizLab   | Lost mutation: Your muscles are strong. (Str +4, Int/Dex
                  | -1) [potion of mutation]
 46999 | WizLab   | Lost mutation: Your body sometimes deteriorates upon taking
                  | damage. [potion of mutation]
 46999 | WizLab   | Lost mutation: You are agile. (Dex +4, Str/Int -1) [potion
                  | of mutation]
 46999 | WizLab   | Gained mutation: Your natural rate of healing is unusually
                  | fast. [potion of mutation]
 47000 | WizLab   | Lost mutation: Your natural rate of healing is unusually
                  | fast. [potion of mutation]
 47000 | WizLab   | Gained mutation: Your spells are a little harder to cast,
                  | but a little more powerful. [potion of mutation]
 47000 | WizLab   | Gained mutation: Your spells are harder to cast, but more
                  | powerful. [potion of mutation]
 47001 | WizLab   | Lost mutation: Your spells are harder to cast, but more
                  | powerful. [potion of mutation]
 47001 | WizLab   | Lost mutation: Your spells are a little harder to cast, but
                  | a little more powerful. [potion of mutation]
 47001 | WizLab   | Gained mutation: You expend magic power (3 MP) to
                  | strengthen your wands. [potion of mutation]
 47001 | WizLab   | Gained mutation: You are partially covered in iridescent
                  | scales. (AC +2) [potion of mutation]
 47001 | WizLab   | Gained mutation: You are mostly covered in iridescent
                  | scales. (AC +4) [potion of mutation]
 47001 | WizLab   | Gained mutation: Your mind is acute. (Int +4, Str/Dex -1)
                  | [potion of mutation]
 47002 | WizLab   | Lost mutation: Your mind is acute. (Int +4, Str/Dex -1)
                  | [potion of mutation]
 47002 | WizLab   | Lost mutation: You are mostly covered in iridescent scales.
                  | (AC +4) [potion of mutation]
 47002 | WizLab   | Gained mutation: You are resistant to electric shocks.
                  | (rElec) [potion of mutation]
 47106 | WizLab   | Got the Collected Works on Transformation
 47111 | WizLab   | Got Cigotuvi's Quarto of Morbid Changing
 47159 | WizLab   | Reached skill level 5 in Ice Magic
 48498 | Crypt:1  | Reached XP level 27. HP: 190/190 MP: 42/42
 48862 | Crypt:3  | Entered Level 3 of the Crypt
 49455 | Crypt:3  | Found an ancient bone altar of Kikubaaqudgha.
 49556 | Crypt:3  | Reached skill level 10 in Ice Magic
 50382 | Crypt:3  | Found a staircase to the Tomb.
 50388 | Tomb:1   | Entered Level 1 of the Tomb of the Ancients
 50786 | Tomb:1   | Noticed a royal mummy
 50852 | Tomb:1   | Killed a royal mummy
 50936 | Tomb:1   | Noticed a royal mummy
 50951 | Tomb:1   | Killed a royal mummy
 51481 | Tomb:1   | Learned a level 9 spell: Polar Vortex
 51759 | Vaults:1 | Bought a pair of glowing gloves for 277 gold pieces
 51953 | Vaults:4 | Bought the +9 staff of Wucad Mu {*channel} for 4300 gold
                  | pieces
 51953 | Vaults:4 | Found the +9 staff of Wucad Mu {*channel}
 51953 | Vaults:4 | Bought faintly glowing pearl dragon scales for 4450 gold
                  | pieces
 51953 | Vaults:4 | Identified the +1 pearl dragon scales of Sasavad {rN+
                  | Dex+2} (You bought it in a shop on level 4 of the Vaults)
 52322 | Shoals:2 | Bought the quicksilver dragon scales of Viwnad {rN+ Will+
                  | Regen+} for 1210 gold pieces
 53079 | Vaults:5 | Entered Level 5 of the Vaults
 53266 | Vaults:4 | Reached skill level 15 in Ice Magic
 53442 | Vaults:5 | Noticed a dread lich
 53461 | Vaults:4 | Killed a dread lich
 53801 | Vaults:5 | Identified the +5 rapier "Kierruig" {freeze, rN+ SInv}
 53834 | Vaults:5 | Noticed a dread lich
 53837 | Vaults:5 | Killed a dread lich
 53856 | Vaults:5 | Noticed Boris
 53867 | Vaults:5 | Killed Boris
 53887 | Vaults:5 | Noticed Jory
 53906 | Vaults:5 | Killed Jory
 53990 | Vaults:5 | Got a silver rune of Zot
 54284 | Vaults:5 | Identified the +11 battleaxe of Abuse {vorpal, Str+4}
 54740 | Vaults:5 | Got the Directory of Chilled Unhallowed Arts
 54746 | Vaults:5 | Learned a level 4 spell: Dispel Undead
 54770 | Vaults:5 | Identified the +6 scale mail "Mabrue" {Str+6}
 55155 | Vaults:5 | Found the +2 hat of the Bear Spirit {Spirit, *Rage Will++}
 56012 | Tomb:2   | Noticed a royal mummy
 56012 | Tomb:2   | Noticed a royal mummy
 56012 | Tomb:2   | Noticed a royal mummy
 56012 | Tomb:2   | Noticed a royal mummy
 56039 | Tomb:2   | Killed a royal mummy
 56048 | Tomb:2   | Killed a royal mummy
 56280 | Tomb:2   | Killed a royal mummy
 56287 | Tomb:2   | Killed a royal mummy
 56655 | Tomb:1   | Noticed a royal mummy
 56658 | Tomb:1   | Noticed a royal mummy
 56658 | Tomb:1   | Noticed a royal mummy
 56671 | Tomb:1   | Killed a royal mummy
 56680 | Tomb:1   | Killed a royal mummy
 56683 | Tomb:1   | Noticed a royal mummy
 56693 | Tomb:1   | Killed a royal mummy
 56711 | Tomb:1   | Killed a royal mummy
 56794 | Tomb:1   | Noticed a royal mummy
 56799 | Tomb:1   | Noticed a royal mummy
 56804 | Tomb:1   | Noticed a royal mummy
 56805 | Tomb:1   | Killed a royal mummy
 56839 | Tomb:1   | Killed a royal mummy
 56856 | Tomb:1   | Killed a royal mummy
 56917 | Tomb:1   | Noticed a royal mummy
 56926 | Tomb:1   | Killed a royal mummy
 56932 | Tomb:1   | Noticed a royal mummy
 56932 | Tomb:1   | Noticed a royal mummy
 56953 | Tomb:1   | Noticed a royal mummy
 56960 | Tomb:1   | Killed a royal mummy
 56965 | Tomb:1   | Killed a royal mummy
 56980 | Tomb:1   | Killed a royal mummy
 56983 | Tomb:1   | Noticed a royal mummy
 57115 | Tomb:1   | Killed a royal mummy
 57189 | Tomb:1   | Noticed a royal mummy
 57191 | Tomb:1   | Noticed a royal mummy
 57228 | Tomb:1   | Killed a royal mummy
 57241 | Tomb:1   | Killed a royal mummy
 57275 | Tomb:1   | Noticed a royal mummy
 57338 | Tomb:1   | Killed a royal mummy
 57376 | Tomb:1   | Noticed a royal mummy
 57391 | Tomb:1   | Noticed a royal mummy
 57432 | Tomb:1   | Killed a royal mummy
 57439 | Tomb:1   | Killed a royal mummy
 57554 | Tomb:1   | Noticed a royal mummy
 57564 | Tomb:1   | Killed a royal mummy
 57595 | Tomb:1   | Noticed a royal mummy
 57604 | Tomb:1   | Killed a royal mummy
 57632 | Tomb:1   | Noticed a royal mummy
 57671 | Tomb:1   | Killed a royal mummy
 58026 | Tomb:2   | Acquired 803 gold pieces
 58032 | Tomb:2   | Acquired the +3 pair of mountain boots {steadfast, rC+}
 58032 | Tomb:2   | Found the +3 pair of mountain boots {steadfast, rC+}
 58048 | Tomb:2   | Acquired 652 gold pieces
 58050 | Tomb:2   | Acquired the +0 pair of fencer's gloves {Riposte Dex+3}
 58050 | Tomb:2   | Found the +0 pair of fencer's gloves {Riposte Dex+3}
 58067 | Tomb:2   | Acquired 987 gold pieces
 58069 | Tomb:2   | Acquired 780 gold pieces
 58071 | Tomb:2   | Acquired DildoBatman's Handbook of the Unstable Mountains
 58094 | Tomb:2   | Learned a level 9 spell: Shatter
 58109 | Tomb:3   | Entered Level 3 of the Tomb of the Ancients
 58123 | Tomb:3   | Noticed a royal mummy
 58124 | Tomb:3   | Noticed a royal mummy
 58126 | Tomb:3   | Noticed a royal mummy
 58141 | Tomb:3   | Noticed a royal mummy
 58146 | Tomb:3   | Killed a royal mummy
 58158 | Tomb:3   | Noticed a royal mummy
 58188 | Tomb:3   | Killed a royal mummy
 58207 | Tomb:3   | Noticed a royal mummy
 58220 | Tomb:3   | Killed a royal mummy
 58224 | Tomb:3   | Killed from afar by an ushabti

Illustrated notes

Levels and vault maps discovered:
D:1:      heliophobic_arrival_henge, layout_rooms,
          shapermc_ecumenical_altar_pompeii, nicolae_shop_unique_rings,
          st_stairs_4
D:2:      layout_loops_ring, uniq_terence, uniq_robin, uniq_crazy_yiuf_cottage,
          uniq_sigmund
D:3:      layout_loops_ring, grunt_temple_overflow_opulence,
          kennysheep_decorative_pillar
D:4:      gammafunk_cloud_chamber, layout_rooms, mainiacjoe_overflow_24_doors,
          mainiacjoe_overflow_six_doors_small, minmay_temple_entry_stoned_glass,
          uniq_menkaure, uniq_natasha
D:5:      layout_basic, mainiacjoe_overflow_surrounded_room, lemuel_round_altar,
          serial_co_window_serial, co_window_paths_a, co_window_paths_a,
          co_window_paths_a, co_window_paths_b, co_window_corner_a,
          co_window_unsneaky_path_d, co_window_paths_c, co_window_corner_cb,
          co_window_2corner, co_window_of_opportunity_b, co_window_paths_e,
          co_window_sun, glass_columns_a, glass_columns_c, glass_columns_b,
          serial_shops, shop
D:6:      layout_loops_corners, kiku_gazebo_garden_becter, old_standard_altar,
          serial_demonic, serial_demonic_b, serial_demonic_c, serial_demonic_b,
          serial_demonic_d, serial_demonic_f, serial_demonic_a,
          serial_demonic_b, serial_demonic_a, minivault_19,
          corexii_corridor_pit, uniq_edmund, uniq_duvessa
D:7:      layout_basic, old_standard_altar, serial_shops, shop
D:8:      layout_basic, minmay_guarded_unrand_variability
D:9:      layout_roguey, lightli_temple_of_fire,
          chequers_temple_overflow_minitemple, david_lair_shrubbed
D:10:     layout_basic, mainiacjoe_overflow_brackets,
          chequers_serial_rivers_micro_b
D:11:     layout_long_grid, serial_shops, nicolae_shop_hallway_stairs,
          nicolae_uskayaw_murder_on_the_dancefloor
D:12:     layout_roguey, zombieorc1_lemuel, fedhas_bush_and_centaur_altar
D:13:     layout_big_octagon, nzn_ghost_randoct, nicolae_tso_swordbearing_angel,
          uniq_lodul
D:14:     layout_rooms, lightli_vaults_fourway_checkpoint, serial_shops,
          statue_bzr, portal_ice_cave_entry_horrid_things,
          hangedman_devilish_allure, uniq_josephine
D:15:     gammafunk_depths_entry_grave, layout_rooms, serial_park_square3
          [serial_park_minivault_5x5_2], serial_shops,
          nicolae_shop_behind_doors, nicolae_shop_sticking_my_neck_out
Temple:   nicolae_temple_ecumenical_triangle
Lair:1:   layout_cave_pods, minmay_holes, grunt_megastairs_1
Lair:2:   nzn_winding_woodlands_three_and_one
          [nzn_winding_woodlands_5x15_lazy_stream,
          nzn_winding_woodlands_5x15_sidewinder,
          nzn_winding_woodlands_5x15_parted,
          nzn_winding_woodlands_center_diamonds], layout_gridlike,
          minmay_shoals_entry_lonely_mermaid
Lair:3:   layout_chaotic_city, minmay_snake_entry_six_corridors, uniq_gastronok
Lair:4:   layout_cave_pods, minmay_slime_entry_oklob_open,
          nicolae_quartered_pool_super, grunt_megastairs_4
Lair:5:   hellmonk_lair_end_abyssal_woods, layout_long_grid, pond
Shoals:1: argonaut_golden_fleece, layout_shoals, ebering_ghost_davey_jones,
          nicolae_shoals_pincushion_passage
Shoals:2: layout_shoals, nicolae_shop_dragon_depot
Shoals:3: layout_shoals, gammafunk_ghost_wrathful_warriors,
          nicolae_shoals_so_close
Shoals:4: shoals_end_grunt_ice, layout_shoals,
          nicolae_shoals_siren_and_animal_friends, uniq_donald
Snake:1:  layout_misc_corridors, minmay_shoptagon, uniq_mlioglotl
Snake:2:  gammafunk_the_bubble [the_bubble_gammafunk_crates], layout_basic,
          serial_shops, shop_statue
Snake:3:  layout_cave_shapes, basic_altar, nicolae_snake_serpentine_bazaar,
          uniq_asterion, uniq_vashnia
Snake:4:  grunt_snake_rune_pools, layout_cave_town
Orc:1:    layout_caves, lightli_volcano_entry_magma_tube,
          dreamdust_deal_with_the_devil, uniq_urug
Orc:2:    hellmonk_orc_salted, layout_diamond_mine
Elf:1:    minmay_elf_arrival_circle, layout_geoelf_diagonals, basic_altar,
          minmay_elf_necromancy, grunt_megastairs_5
Elf:2:    elven_hall_of_blades_hangedman_alternative [nicolae_blade_bullseye],
          layout_rooms, portal_desolation_entry_nicolae_slug, minivault_16,
          uniq_nikola
Elf:3:    elf_hall, layout_geoelf_octagon, serial_shops, nicolae_shop_crystal
Vaults:1: v_misc_28, vaults_mumra_minichess, v_misc_23, vaults_room_fours,
          ontoclasm_vaults_eye, nicolae_vaults_diagonal_hallway_9,
          vaults_room_large_hall, vaults_mumra_hexcomb,
          nicolae_vaults_circle_grid_b, hangedman_vaults_restitches,
          nicolae_vaults_octagons, nicolae_vaults_little_squares_2,
          ontoclasm_vaults_twist, vaults_room_grid, layout_vaults_maze_bifur,
          serial_shops, nicolae_shop_trees, shop_fountains, nicolae_square_shop,
          nicolae_diamond_shop, uniq_saint_roka
Vaults:2: hangedman_vaults_nodes, v_misc_3, grunt_vaults_bifocal,
          vaults_mumra_hex, nicolae_vaults_network_s,
          nicolae_vaults_angled_halls, nicolae_vaults_what_the_h,
          layout_vaults_big_room, serial_shops, nicolae_shop_trees,
          uniq_bai_suzhen, uniq_aizul
Vaults:3: ontoclasm_vaults_ring_small, nicolae_vaults_sealed_display,
          hangedman_vaults_restitches, vaults_room_pools,
          hangedman_vaults_cutoff, v_rooms_3, grunt_tower_of_power, v_rooms_4,
          nicolae_vaults_network_quinsquares
          [nicolae_vaults_network_quincunx_subvault,
          nicolae_vaults_network_quincunx_subvault,
          nicolae_vaults_network_quincunx_subvault,
          nicolae_vaults_network_quincunx_subvault],
          minmay_crypt_entry_simple_plaza, nicolae_vaults_asterisk,
          vaults_dpeg_hooks, v_misc_13, vaults_room_pool,
          layout_vaults_big_cross, enter_trove_2
Vaults:4: nicolae_vaults_ring_of_whatevers, nicolae_vaults_network_periphery,
          v_misc_33, hangedman_vaults_hat, vaults_dpeg_diagonal,
          hangedman_vaults_stagger, hangedman_vaults_stitches,
          nicolae_vaults_good_morning_starshine, vaults_dpeg_doors,
          ontoclasm_vaults_chip, grunt_vaults_hallway_short,
          vaults_dpeg_encased_lava, layout_vaults_omnibox, serial_shops,
          shop_coins, nicolae_diamond_shop, shop, uniq_zenata, uniq_margery,
          uniq_frederick
Vaults:5: serial_shops, uniq_boris, uniq_jory
Crypt:1:  layout_chaotic_city, grunt_crypt_arrival_split
Crypt:2:  layout_gridlike, mu_enter_wizlab_2, lemuel_elevator
Crypt:3:  church_of_pain_bobbens, layout_chaotic_city,
          nicolae_tomb_entry_grand_gallery
Tomb:1
Tomb:2
Tomb:3

Skill      XL: |  1  2  3  4  5  6  7  8  9 10 11 12 13 14 15 16 17 18 19 20 21 22 23 24 25 26 27 |
---------------+----------------------------------------------------------------------------------+-----
Conjurations   | 4 5 6 |  6.0
Earth Magic    | 1 3 6 9 10 12 15 17 19 20 21 22 | 22.7
Dodging        | 2 3 4 5 7 |  7.0
Armour         | 2 3 5 6 7 10 | 10.0
Spellcasting   | 6 8 9 10 11 13 14 15 | 15.0
Fighting       | 3 5 6 7 10 | 10.0
Fire Magic     | 6 |  6.0
Necromancy     | 7 10 12 14 16 17 18 19 20 22 | 22.0
Shields        | 6 14 15 19 21 | 21.4
Transmutations | 8 16 20 22 | 22.0
Ice Magic      | 7 22 | 22.3
Stealth        | |  2.4

Action                   |  1- 3 |  4- 6 |  7- 9 | 10-12 | 13-15 | 16-18 | 19-21 | 22-24 | 25-27 || total
-------------------------+-------+-------+-------+-------+-------+-------+-------+-------+-------++-------
Melee: Long sword        |     2 |       |       |       |       |       |       |       |       ||     2
       Flail             |       |       |    11 |       |       |       |       |       |       ||    11
       Falchion          |       |       |       |    15 |       |       |       |       |       ||    15
       Great mace        |       |       |       |   109 |    30 |       |       |       |       ||   139
       Double sword      |       |       |       |       |   203 |       |       |       |       ||   203
       Punch             |       |       |       |       |     3 |     5 |       |       |       ||     8
       Dagger            |       |       |       |       |    35 |   302 |   128 |    24 |       ||   489
       Demon trident     |       |       |       |       |       |       |       |   605 |    58 ||   663
       Katana            |       |       |       |       |       |       |       |       |  1650 ||  1650
       Pair of quick bla |       |       |       |       |       |       |       |       |   294 ||   294
 Fire: Shortbow          |       |       |       |    11 |   136 |   268 |   306 |     1 |       ||   722
       Sling             |       |       |       |       |       |       |       |    24 |   608 ||   632
 Cast: Magic Dart        |    45 |    64 |    41 |     4 |       |       |       |       |       ||   154
       Searing Ray       |     3 |    23 |    35 |    34 |       |       |       |       |       ||    95
       Stone Arrow       |       |     3 |    63 |   119 |    57 |     5 |     2 |       |     3 ||   252
       Conjure Flame     |       |       |       |    49 |    59 |     8 |       |    17 |       ||   133
       Borgnjor's Vile C |       |       |       |    36 |   178 |   378 |   252 |   305 |   816 ||  1965
       Sublimation of Bl |       |       |       |     1 |    30 |    18 |    30 |     4 |     7 ||    90
       Iron Shot         |       |       |       |       |       |       |    10 |    13 |    25 ||    48
       Necromutation     |       |       |       |       |       |       |       |     4 |   160 ||   164
       Ozocubu's Armour  |       |       |       |       |       |       |       |       |    49 ||    49
       Dispel Undead     |       |       |       |       |       |       |       |       |    34 ||    34
Invok: Receive Forbidden |       |       |       |       |     1 |       |       |       |       ||     1
       Renounce Religion |       |       |       |       |     1 |       |       |       |       ||     1
       Potion Petition   |       |       |       |       |       |       |       |       |    18 ||    18
 Abil: Shaft Self        |       |       |       |     2 |     2 |       |       |       |     1 ||     5
       Dig               |       |       |       |       |       |     3 |       |     1 |     9 ||    13
       End Transformatio |       |       |       |       |       |       |       |       |     6 ||     6
Evoke: Wand              |       |       |       |     2 |     1 |       |       |       |       ||     3
       Phantom mirror    |       |       |       |       |       |       |       |       |     3 ||     3
       Box of beasts     |       |       |       |       |       |       |       |       |     2 ||     2
       Condenser vane    |       |       |       |       |       |       |       |       |     2 ||     2
  Use: Scroll            |       |     3 |     1 |     6 |     6 |    10 |     4 |    13 |    20 ||    63
       Potion            |       |       |       |     1 |     8 |     4 |     2 |     6 |    12 ||    33
 Stab: Sleeping          |       |       |     1 |       |       |       |       |     3 |     7 ||    11
       Paralysed         |       |       |       |     6 |     1 |       |       |       |       ||     7
       Distracted        |       |       |       |     1 |     1 |     1 |     1 |     8 |     8 ||    20
       Confused          |       |       |       |       |       |     1 |       |       |       ||     1
       Petrified         |       |       |       |       |       |       |       |       |     8 ||     8
Armor: Leather armour    |       |    13 |    38 |    43 |       |       |       |       |       ||    94
       Robe              |       |     1 |       |       |       |       |       |       |       ||     1
       Troll leather arm |       |       |       |    35 |   136 |   133 |    46 |   105 |   631 ||  1086
Dodge: Dodged            |    10 |    42 |    53 |   149 |   405 |   395 |   151 |   236 |  1526 ||  2967
Block: Other             |       |       |       |       |       |    33 |       |       |       ||    33
       Buckler           |       |       |       |       |       |    40 |       |       |       ||    40
       Kite shield       |       |       |       |       |       |    62 |       |       |       ||    62
       Tower shield      |       |       |       |       |       |    43 |   434 |   822 |  4394 ||  5693
       Rpst.: Katana     |       |       |       |       |       |       |       |       |    86 ||    86
       Pair of quick bla |       |       |       |       |       |       |       |       |    11 ||    11
